 Dungeon Crawl Stone Soup version 0.24.1-4-ge52af88ad5 (webtiles) character file.

Game seed: 5518772098480745858, levelgen mode: deterministic

747 Doot the Magician (level 7, 0/49 HPs)
             Began as a Mummy Conjurer on Apr 17, 2020.
             Splashed by a jelly's acid (7 damage)
             ... on level 5 of the Dungeon.
             The game lasted 00:08:24 (4798 turns).

Doot the Magician (Mummy Conjurer)                  Turns: 4798, Time: 00:08:25

Health: 0/49       AC: -1    Str: 11    XL:     7   Next: 48%
Magic:  14/14      EV: 13    Int: 16    God:
Gold:   141        SH:  0    Dex: 13    Spells: 6/16 levels left

rFire    x . .     SeeInvis .   h - +3 morningstar (drain)
rCold    + . .     Gourm    .   (no shield)
rNeg     + + +     Faith    .   a - +0 robe
rPois    ∞         Spirit   .   j - +0 helmet
rElec    .         Reflect  .   (no cloak)
rCorr    .         Harm     .   (no gloves)
MR       .....                  (no boots)
Stlth    ++........             (no amulet)
HPRegen  0.16/turn              (no ring)
MPRegen  0.14/turn              (no ring)

@: corroded
A: no food or potions, fire vulnerability, cold resistance 1, negative energy
resistance 3, torment resistance, unbreathing
a: no special abilities


You were on level 5 of the Dungeon.
You were not hungry.

You visited 1 branch of the dungeon, and saw 6 of its levels.

You collected 141 gold pieces.

Inventory:

Hand Weapons
 d - a +0 short sword
 g - a +0 dagger of flaming
 h - a +3 morningstar of draining (weapon)
Armour
 a - a +0 robe (worn)
 j - a +0 helmet (worn)
Wands
 k - a wand of clouds (1)
 l - a wand of digging (5)
Scrolls
 b - 2 scrolls of immolation
 c - 6 scrolls of identify
 e - a scroll of noise
 f - a scroll of teleportation {unknown}
 i - a scroll of remove curse {unknown}
 m - a scroll of brand weapon {unknown}
 n - a scroll of enchant weapon
 o - a scroll of enchant armour {unknown}


   Skills:
 + Level 1.7 Fighting
 + Level 2.2 Maces & Flails
 + Level 3.6 Dodging
 + Level 2.7 Stealth
 + Level 5.2 Spellcasting
 + Level 4.8 Conjurations


You had 6 spell levels left.
You knew the following spells:

 Your Spells              Type           Power        Failure   Level  Hunger
a - Magic Dart            Conj           ###.         1%          1    N/A
b - Searing Ray           Conj           ###...       3%          2    N/A
c - Iskenderun's Mystic   Conj           ###.....     21%         4    N/A
d - Dazzling Spray        Conj/Hex       ##....       17%         3    N/A

Your spell library contained the following spells:

 Spells                   Type           Power        Failure   Level  Hunger
 Force Lance              Conj/Tloc      ##......     50%         4    N/A
 Fulminant Prism          Conj/Hex       ##........   50%         4    N/A

Dungeon Overview and Level Annotations

Branches:
Dungeon (6/15)
 Temple: D:4-7

Altars:
Dithmenos
Trog
The Shining One


Innate Abilities, Weirdness & Mutations

You do not eat or drink.
Your flesh is vulnerable to fire.
You are immune to poison.
Your flesh is cold resistant. (rC+)
You are immune to negative energy. (rN+++)
You are immune to unholy pain and torment.
You can survive without breathing.


Message History

You can't drink.
Unknown command.
As you read the scroll labeled ZARADA VOG, it crumbles to dust.
It is a scroll of identify.
b - 2 scrolls of immolation The jelly barely misses you.
The iguana bites you!
As you read the scroll labeled PEESUA HATIDA, it crumbles to dust.
You hear a loud clanging noise!
It was a scroll of noise.
The jelly closely misses you. The iguana bites you!
* * * LOW HITPOINT WARNING * * *
Unknown command.
You can't eat.
Unknown command.
As you read the scroll labeled BYHISA TOID, it crumbles to dust.
It is a scroll of enchant weapon.
Your +2 morningstar of draining glows red for a moment.
The jelly hits you.
* * * LOW HITPOINT WARNING * * *
The acid corrodes you!
You are splashed with acid!
You die...

#.##..........#
#.###....####.#
#.# #....# # #.#
#....####)# #.#
#....((...###
#.###...##(.$...#
#......c........#
#..####J##.c....#
#.....l@##.l....#
##.#######J.....#
#..######.....c#
##......+......#
########.....{#


You could see a centaur, an iguana and a jelly.

Vanquished Creatures
  A sky beast (D:5)
  2 ice beasts (D:5)
  2 centaurs (D:5)
  2 hounds (D:4)
  A jelly (D:5)
  2 orc wizards
  An iguana (D:6)
  2 worker ants
  A worker ant zombie (D:5)
  2 adders
  An ooze (D:4)
  An adder zombie (D:5)
  2 dart slugs
  2 leopard geckos (D:5)
  6 orcs
  5 giant cockroaches
  5 goblins
  3 hobgoblins
  3 quokkas
  A ball python (D:1)
  A ball python skeleton (D:4)
  5 bats
  A frilled lizard (D:2)
  A quokka skeleton (D:5)
  4 rats
57 creatures vanquished.

Vanquished Creatures (others)
  A worm (D:2)
1 creature vanquished.

Grand Total: 58 creatures vanquished

Notes
Turn   | Place    | Note
-------+----------+-------------------------------------------
     0 | D:1      | Doot the Mummy Conjurer began the quest for the Orb.
     0 | D:1      | Reached XP level 1. HP: 13/13 MP: 4/4
   628 | D:2      | Reached XP level 2. HP: 19/19 MP: 2/5
   700 | D:1      | Learned a level 2 spell: Searing Ray
  1533 | D:2      | Found a shadowy altar of Dithmenos.
  1629 | D:2      | Reached skill level 3 in Spellcasting
  1629 | D:2      | Reached XP level 3. HP: 20/24 MP: 1/7
  2127 | D:4      | Found a glowing golden altar of the Shining One.
  2381 | D:4      | You fall into a shaft and drop 1 floor!
  2381 | D:5      | Entered Level 5 of the Dungeon
  2383 | D:5      | Noticed an ice beast
  2514 | D:4      | Reached XP level 4. HP: 17/31 MP: 3/9
  3063 | D:4      | Reached skill level 4 in Spellcasting
  3063 | D:4      | Reached XP level 5. HP: 36/36 MP: 5/11
  3091 | D:4      | Learned a level 4 spell: Iskenderun's Mystic Blast
  3565 | D:5      | Noticed an ice beast
  3660 | D:5      | Noticed a sky beast
  3814 | D:6      | Noticed a centaur
  3822 | D:5      | Noticed a centaur
  3885 | D:5      | Killed a sky beast
  3885 | D:5      | Reached skill level 1 in Maces & Flails
  3885 | D:5      | Reached XP level 6. HP: 32/42 MP: 2/12
  4047 | D:5      | Learned a level 3 spell: Dazzling Spray
  4077 | D:5      | Reached skill level 1 in Fighting
  4091 | D:5      | Killed an ice beast
  4249 | D:5      | Reached XP level 7. HP: 26/48 MP: 8/14
  4396 | D:6      | Found a bloodstained altar of Trog.
  4402 | D:5      | Reached skill level 5 in Spellcasting
  4798 | D:5      | Splashed by a jelly's acid

Levels and vault maps discovered:
D:1:      elethiomel_arrival_quiet, layout_loops_cross, nrook_uturn
D:2:      layout_loops_ring, grunt_qazlal_clouds,
          nicolae_dithmenos_through_a_glass_darkly, minmay_3d_cube
D:3:      layout_basic, first_ration, tgw_trog
D:4:      layout_basic, overflow_temple_1_default, minmay_misc_feat_roman
D:5:      kennysheep_steamy, layout_basic
D:6:      layout_cave_pods, basic_altar, uniq_eustachio

Skill      XL: |  1  2  3  4  5  6  7 |
---------------+----------------------+-----
Spellcasting   | 3 4 5 |  5.2
Dodging        | 2 3 |  3.6
Stealth        | 2 |  2.7
Conjurations   | 4 |  4.8
Maces & Flails | 1 2 |  2.2
Fighting       | 1 |  1.7

Action                   |  1- 3 |  4- 6 |  7- 9 || total
-------------------------+-------+-------+-------++-------
Melee: Unarmed           |     8 |       |       ||     8
       Dagger            |     7 |     3 |       ||    10
       Morningstar       |       |    47 |     3 ||    50
 Cast: Magic Dart        |    45 |     3 |     4 ||    52
       Searing Ray       |    12 |    13 |     4 ||    29
       Iskenderun's Myst |       |     1 |     2 ||     3
  Use: Scroll            |       |       |     3 ||     3
Armor: Robe              |     9 |    19 |     3 ||    31
Dodge: Dodged            |    24 |    43 |    27 ||    94
